 Dungeon Crawl Stone Soup version 0.18-a0-1267-gff090c1 (webtiles) character file.

41986 nuthulu the Warrior (level 14, -10/103 HPs)
             Began as a Gargoyle Fighter on Feb 6, 2016.
             Was the Champion of Okawaru.
             Killed from afar by a lindwurm (31 damage)
             ... with a blast of flame
             ... on level 7 of the Lair of Beasts.
             The game lasted 00:36:47 (19720 turns).

nuthulu the Warrior (Gargoyle Fighter)             Turns: 19720, Time: 00:36:48

Health: -10/103    AC: 28    Str: 21    XL:     14   Next: 17%
Magic:  12/14      EV: 10    Int: 12    God:    Okawaru [******]
Gold:   945        SH: 12    Dex: 13    Spells: 0 memorised, 13 levels left

rFire  . . .     SeeInvis .     V - +7 morningstar "Xeiddess" {crush, MR+}
rCold  . . .     Gourm    .     P - +0 plate armour
rNeg   + + .     Faith    +     c - +1 shield
rPois  ∞         Spirit   .     A - +0 helmet
rElec  +         Dismiss  .     d - +0 cloak {rPois}
rCorr  .         Reflect  .     H - +1 pair of gloves
SustAt +         Harm     .     (no boots)
MR     +....                    S - amulet of faith
Stlth  ..........               K - +3 ring of evasion
                                G - ring of Gozag's Supremacy {SustAt rN+ MR- Int+3}

@: heroism, flying, somewhat resistant to hostile enchantments, extremely
unstealthy
A: big wings, negative energy resistance 1, electricity resistance, unbreathing,
petrification resistance, rot immunity, AC +9
a: Stop Flying, Heroism, Finesse, Renounce Religion


You were on level 7 of the Lair of Beasts.
You worshipped Okawaru.
Okawaru was exalted by your worship.
You were not hungry.

You visited 2 branches of the dungeon, and saw 17 of its levels.

You collected 1010 gold pieces.
You spent 65 gold pieces at shops.

Inventory:

Hand Weapons
 p - a -1 eveningstar of venom
 V - the +7 morningstar "Xeiddess" (weapon) {crush, MR+}
   (You found it on level 2 of the Lair of Beasts)

   It inflicts extra damage upon your enemies.
   It affects your resistance to hostile enchantments.
Armour
 c - a +1 shield (worn)
 d - a +0 cloak of poison resistance (worn)
 o - the +8 chain mail "Jal Ixzi" {rF- rC+ rN+ Str+3}
   (You found it on level 5 of the Dungeon)

   It affects your strength (+3).
   It makes you vulnerable to fire.
   It protects you from cold.
   It protects you from negative energy.
 A - a +0 helmet (worn)
 H - a +1 pair of gloves (worn)
 P - a +0 plate armour (worn)
Jewellery
 b - an uncursed ring of positive energy
 v - an uncursed ring of fire
 D - an uncursed amulet of magic regeneration {unknown}
 G - the ring of Gozag's Supremacy (left hand) {SustAt rN+ MR- Int+3}
   (You found it on level 9 of the Dungeon)

   [ring of sustain attributes]

   It sustains your strength, intelligence and dexterity.
   It affects your intelligence (+3).
   It protects you from negative energy.
   It affects your resistance to hostile enchantments.
 I - an uncursed ring of resist corrosion
 K - a +3 ring of evasion (right hand)
 S - an amulet of faith (around neck)
 T - an uncursed amulet of harm
Wands
 a - a wand of heal wounds (4/9)
 w - a wand of iceblast (6/15)
 x - a wand of lightning (4/15)
 F - a wand of lightning (13/15)
 M - a wand of lightning (7/15)
 R - a wand of acid (6/15)
Scrolls
 m - a scroll of fear
 t - 6 scrolls of remove curse
 y - 2 scrolls of amnesia
 C - a scroll of teleportation
 L - 2 scrolls of fog
 X - a scroll of enchant weapon
Potions
 e - 8 potions of curing
 h - 3 potions of agility
 i - a potion of invisibility
 j - 4 potions of haste
 k - 2 potions of brilliance
 n - 2 potions of cure mutation
 r - 3 potions of lignification
 s - a potion of berserk rage {unknown}
 B - 2 potions of flight
 E - 2 potions of resistance {unknown}
 J - a potion of heal wounds {unknown}
 N - a potion of might
 Q - 2 potions of degeneration {unknown}
 U - 2 potions of mutation {unknown}
Comestibles
 f - 8 bread rations
 g - 6 beef jerkies
 l - 6 meat rations
 q - 2 slices of pizza
 u - 9 fruits
 z - 11 royal jellies
 O - 24 chunks of flesh


   Skills:
 + Level 17.6(22.6) Fighting
 + Level 16.4(21.4) Maces & Flails
 - Level 3.2(8.2) Armour
 - Level 3.2(8.2) Shields


You had 13 spell levels left.
You didn't know any spells.

Dungeon Overview and Level Annotations

Branches:
Dungeon (10/15)            Temple (0/1) D:5            Lair (7/8) D:10
 Shoals (0/4) Lair:3       Spider (0/4) Lair:3
  Slime: Lair:6-8       Orc: D:9-12

Altars:
Cheibriados
Elyvilon
Fedhas
Gozag
Kikubaaqudgha
Nemelex Xobeh
Okawaru
Pakellas
Qazlal
Ru
Trog

Shops:
D:9 %   D:10 [


Innate Abilities, Weirdness & Mutations

You are resistant to torment.
Your stone body is resilient (AC +9).
You are immune to poison.
Your large and strong wings let you fly indefinitely.
You resist negative energy.
You are resistant to electric shocks.
You can survive without breathing.
You are immune to petrification.
You are immune to rotting.


Message History

You feel better. The lindwurm completely misses you.
The lindwurm claws you but does no damage. x2
Unknown command.
You bludgeon the lindwurm!!
The lindwurm is severely wounded.
The lindwurm breathes flames at you. The blast of flame hits you!
You barely miss the lindwurm.
The lindwurm is severely wounded.
You hit the lindwurm but do no damage.
The lindwurm is severely wounded.
The lindwurm bites you but does no damage.
The lindwurm claws you.
* * * LOW HITPOINT WARNING * * *
The lindwurm barely misses you.
Your plate armour prevents you from hitting the lindwurm.
The lindwurm is severely wounded.
The lindwurm breathes flames at you. The blast of flame hits you!
You die...

...#..........## #...P.# #...#
.. ###.###.....# #..... #...# .
#.. #...:#.##P..#####..##
.......#...####..........P#
.....>.⌠.......#..........###
.....................(....#.# .
..⌠.##..................## .
##..#...###Pk...#.......## ..
##....### #@...######P...# #.
#.#....# ##...## #....# #..
#.....## #..#.# ##...##
...####...#.#####...## ###....#
..#..#....#...#P.)..###
#P....##
##..(.P..(.(.(.((...##.###...##
......((.....................##
.......(....#...#...........÷.#
.###..#(..##.####.............#


You could see a lindwurm.

Vanquished Creatures
  Nessos (Lair:7)
  Josephine (Lair:4)
  6 hydras
  A queen ant (Lair:4)
  The ghost of 4thArraOfDagon the Tainter, a novice NaVM of Dithmenos (D:6)
  Pikel (D:5)
  8 elephants
  Joseph (D:7)
  4 black mambas
  A torpor snail (Lair:4)
  8 spiny frogs
  A komodo dragon (Lair:3)
  4 fire drakes
  2 trolls (D:10)
  A two-headed ogre (D:8)
  3 blink frogs
  4 polar bears
  4 wraiths
  A spriggan (Lair:2)
  39 yaks
  Sigmund (D:4)
  A basilisk (Lair:3)
  4 sky beasts
  10 hippogriffs
  A steam dragon (Lair:4)
  Menkaure (D:7)
  22 soldier ants
  12 wolves
  11 porcupines
  9 water moccasins
  3 ice beasts
  4 orc warriors
  4 black bears
  6 ogres
  A necrophage (D:10)
  3 centaurs
  21 crocodiles
  A big kobold (D:7)
  14 giant frogs
  A wyvern zombie (D:9)
  8 scorpions
  2 wyvern skeletons
  30 killer bees
  The ghost of 4thArraOfDagon the Covered, a weakling DgFi (D:3)
  9 wights
  6 electric eels
  A giant frog zombie (D:7)
  6 crimson imps
  5 orc priests
  2 centaur zombies
  12 hounds
  2 jellies (D:9)
  3 giant frog skeletons
  11 orc wizards
  Ijyb (D:3)
  Terence (D:2)
  7 iguanas
  24 worker ants
  A killer bee zombie (D:7)
  8 sheep (Lair:7)
  A hound skeleton (D:4)
  49 river rats
  13 adders
  4 shadow imps (D:10)
  12 white imps (Lair:3)
  An ooze (D:4)
  An adder zombie (D:9)
  4 adder skeletons
  5 worms
  2 giant geckos
  36 orcs
  12 giant cockroaches
  6 goblins
  13 hobgoblins
  7 jackals
  2 quokkas
  A ball python (D:2)
  14 bats
  A giant gecko skeleton (D:4)
  4 giant newts
  11 kobolds
  6 rats
  A plant (Lair:5)
568 creatures vanquished.

Vanquished Creatures (others)
  2 slaves (D:5)
  4 fungi
  8 plants
14 creatures vanquished.

Grand Total: 582 creatures vanquished

Notes
Turn   | Place    | Note
--------------------------------------------------------------
     0 | D:1      | nuthulu the Gargoyle Fighter began the quest for the Orb.
     0 | D:1      | Reached XP level 1. HP: 14/14 MP: 1/1
   430 | D:1      | Reached XP level 2. HP: 12/19 MP: 2/2
   960 | D:2      | Reached XP level 3. HP: 15/24 MP: 3/3
  1087 | D:2      | Found a snail-covered altar of Cheibriados.
  1107 | D:2      | Found an iron altar of Okawaru.
  1115 | D:2      | Reached skill level 4 in Fighting
  1124 | D:2      | Became a worshipper of Warmaster Okawaru
  1177 | D:2      | Noticed Terence
  1185 | D:2      | Killed Terence
  1185 | D:2      | Reached XP level 4. HP: 28/30 MP: 4/4
  1890 | D:3      | Found a bloodstained altar of Trog.
  1901 | D:3      | Noticed 4thArraOfDagon's ghost (weakling DgFi)
  1928 | D:3      | Killed 4thArraOfDagon's ghost
  1928 | D:3      | Reached skill level 5 in Fighting
  1928 | D:3      | Reached XP level 5. HP: 19/35 MP: 5/5
  2050 | D:3      | Noticed Ijyb
  2059 | D:3      | Killed Ijyb
  2180 | D:3      | Reached XP level 6. HP: 33/40 MP: 6/6
  2479 | D:3      | Reached * piety under Okawaru
  3201 | D:4      | Found a sacrificial altar of Ru.
  3263 | D:4      | Reached skill level 5 in Maces & Flails
  3526 | D:4      | Reached skill level 6 in Fighting
  3768 | D:4      | Noticed Sigmund
  3778 | D:4      | Killed Sigmund
  3778 | D:4      | Reached XP level 7. HP: 43/47 MP: 4/7
  4116 | D:4      | Reached skill level 7 in Fighting
  4153 | D:4      | Reached ** piety under Okawaru
  4469 | D:5      | Entered Level 5 of the Dungeon
  4562 | D:5      | Reached XP level 8. HP: 50/53 MP: 8/8
  4734 | D:5      | Found an opulent altar of Gozag.
  4797 | D:5      | Noticed Pikel
  4816 | D:5      | Killed Pikel
  4816 | D:5      | Reached skill level 8 in Fighting
  4910 | D:5      | Got a tiger eye-encrusted chain mail
  4992 | D:5      | Found a staircase to the Ecumenical Temple.
  5013 | D:5      | Reached skill level 9 in Fighting
  5102 | D:5      | Found an oddly glowing altar of Pakellas.
  5236 | D:5      | Reached XP level 9. HP: 58/60 MP: 9/9
  5360 | D:6      | Reached *** piety under Okawaru
  5903 | D:6      | Reached skill level 10 in Fighting
  6188 | D:6      | Noticed 4thArraOfDagon's ghost (novice NaVM)
  6201 | D:6      | Killed 4thArraOfDagon's ghost
  6201 | D:6      | Reached **** piety under Okawaru
  6665 | D:6      | Reached skill level 11 in Fighting
  6827 | D:6      | Identified the +8 chain mail "Jal Ixzi" {rF- rC+ rN+ Str+3} (You found it on level 5 of the Dungeon)
  7079 | D:7      | Reached skill level 10 in Maces & Flails
  7079 | D:7      | Reached XP level 10. HP: 64/69 MP: 10/10
  7246 | D:7      | Found a stormy altar of Qazlal.
  7586 | D:7      | Noticed Menkaure
  7587 | D:7      | Noticed Joseph
  7605 | D:7      | Killed Menkaure
  7637 | D:7      | Killed Joseph
  7865 | D:7      | Reached ***** piety under Okawaru
  8315 | D:8      | Found a sparkling altar of Nemelex Xobeh.
  8352 | D:8      | Reached skill level 12 in Fighting
  8634 | D:8      | Found a white marble altar of Elyvilon.
  8641 | D:8      | Identified a scroll of acquirement
  8813 | D:8      | Found an ancient bone altar of Kikubaaqudgha.
  8815 | D:8      | Found a blossoming altar of Fedhas.
  9380 | D:9      | Got a crude steel ring
  9381 | D:9      | Identified the ring of Gozag's Supremacy {SustAt rN+ MR- Int+3} (You found it on level 9 of the Dungeon)
  9422 | D:9      | Received a gift from Okawaru
  9704 | D:9      | Found Qaeleak's Food Emporium.
  9709 | D:9      | Bought a meat ration for 65 gold pieces
  9899 | D:10     | Entered Level 10 of the Dungeon
  9953 | D:10     | Reached XP level 11. HP: 76/76 MP: 11/11
 10176 | D:10     | Reached skill level 13 in Fighting
 10381 | D:10     | Found a staircase to the Lair.
 11207 | D:10     | Reached ****** piety under Okawaru
 11292 | D:10     | Found Baappoaxt's Armour Shop.
 11624 | D:10     | Received a gift from Okawaru
 11718 | Lair:1   | Entered Level 1 of the Lair of Beasts
 11823 | Lair:1   | Reached skill level 14 in Fighting
 11989 | Lair:1   | You fall through a shaft!
 12020 | Lair:2   | Reached XP level 12. HP: 85/85 MP: 9/12
 13082 | Lair:2   | Got a twisted morningstar
 13083 | Lair:2   | Identified the +7 morningstar "Xeiddess" {crush, MR+} (You found it on level 2 of the Lair of Beasts)
 13775 | Lair:3   | Received a gift from Okawaru
 13780 | Lair:3   | Reached skill level 15 in Fighting
 14180 | Lair:3   | Found a hole to the Spider Nest.
 14386 | Lair:3   | Found a staircase to the Shoals.
 15036 | Lair:3   | Noticed a five-headed hydra
 15047 | Lair:3   | Killed a five-headed hydra
 15288 | Lair:4   | Received a gift from Okawaru
 15291 | Lair:4   | Got a bone dire flail {god gift}
 15297 | Lair:4   | Identified the +7 dire flail "Myadditt" {antimagic, rN+ MR+} (Okawaru gifted it to you on level 4 of the Lair of Beasts)
 15653 | Lair:4   | Reached XP level 13. HP: 64/93 MP: 13/13
 15893 | Lair:4   | Reached skill level 16 in Fighting
 15893 | Lair:4   | Reached skill level 15 in Maces & Flails
 16171 | Lair:4   | Noticed Josephine
 16207 | Lair:4   | Killed Josephine
 16207 | Lair:4   | Received a gift from Okawaru
 18060 | Lair:5   | Reached skill level 17 in Fighting
 18072 | Lair:6   | Received a gift from Okawaru
 19194 | Lair:7   | Received a gift from Okawaru
 19231 | Lair:7   | Gained mutation: Your large and strong wings let you fly indefinitely. [Gargoyle growth]
 19231 | Lair:7   | Reached XP level 14. HP: 95/102 MP: 14/14
 19631 | Lair:7   | Noticed Nessos
 19673 | Lair:7   | Killed Nessos
 19720 | Lair:7   | Killed from afar by a lindwurm

Vault maps used:
D:1:      dpeg_arrival_central
D:2:      lemuel_round_altar, nicolae_overflow_crystal_walls, first_bread,
          uniq_terence
D:3:      minmay_misc_feat_ornament, bloody_trog, uniq_iyjb
D:4:      old_forge, lemuel_crystal_altar, uniq_sigmund
D:5:      nicolae_gozag_cash_rules_everything_around_me,
          johnstein_pakellas_death_squad, uniq_pikel
D:7:      kennysheep_mini_moat, uniq_menkaure, uniq_joseph
D:8:      grunt_temple_overflow_growth_and_decay, overflow_temple_1_default,
          basic_altar
D:9:      statuecave_lemuel, serial_shops, nicolae_shop_trees
D:10:     erik_lair_island, serial_shops, shop, hangedman_pestilent_swarm
Lair:1:   st_stairs_13, roderic_batcave
Lair:2:   grunt_forest_stairs_clearing, grunt_megastairs_5
Lair:3:   elwin_shoals_entry_rooms, nicolae_spider_entry_non_spiders,
          portal_ice_cave_entry_imps, beast_lair_carwin_9
Lair:4:   serial_bayou_ford_a, st_stairs_4, minivault_29, serial_bayou_shore_b,
          grunt_megastairs_3, uniq_josephine
Lair:5:   serial_bayou_lake_a
Lair:7:   minivault_26, serial_bayou_pond_e, grunt_megastairs_2, uniq_nessos

Action                   |  1- 3 |  4- 6 |  7- 9 | 10-12 | 13-15 || total
-------------------------+-------+-------+-------+-------+-------++-------
Melee: Flail             |   106 |   238 |    62 |       |       ||   406
       Eveningstar       |       |       |   211 |   831 |       ||  1042
       Great mace        |       |       |       |     2 |       ||     2
       Morningstar       |       |       |       |   223 |   503 ||   726
Invok: Heroism           |       |     1 |     2 |    12 |     6 ||    21
 Abil: Fly               |       |       |       |       |     1 ||     1
  Use: Scroll            |       |     9 |     3 |    11 |     4 ||    27
       Potion            |       |     2 |       |       |     2 ||     4
  Eat: Chunk             |     1 |     9 |     9 |    14 |     7 ||    40
       Meat ration       |       |       |       |     3 |       ||     3
       Bread ration      |       |       |       |     1 |     1 ||     2
       Beef jerky        |       |       |       |       |     1 ||     1
